 Dungeon Crawl Stone Soup version 0.24.0-37-gcf1ca852f1 (webtiles) character file.

Game seed: 3396788963695909545, levelgen mode: deterministic

42 Delamore the Chopper (level 3, 29/31 HPs)
             Began as a Hill Orc Fighter on Nov 26, 2019.
             Was a Follower of Kikubaaqudgha.
             Quit the game on level 2 of the Dungeon.
             The game lasted 00:01:09 (735 turns).

Delamore the Chopper (Hill Orc Fighter)              Turns: 735, Time: 00:01:09

Health: 29/31      AC:  6    Str: 19    XL:     3   Next: 54%
Magic:  3/3        EV:  7    Int:  8    God:    Kikubaaqudgha [*.....]
Gold:   31         SH:  9    Dex: 10    Spells: 2/2 levels left

rFire    . . .     SeeInvis .   a - +0 war axe
rCold    . . .     Gourm    .   c - +0 shield
rNeg     . . .     Faith    .   b - +0 scale mail
rPois    .         Spirit   .   (no helmet)
rElec    .         Reflect  .   (no cloak)
rCorr    .         Harm     .   (no gloves)
MR       .....                  (no boots)
Stlth    ..........             (no amulet)
HPRegen  0.10/turn              (no ring)
MPRegen  0.08/turn              (no ring)

@: no status effects
A: no striking features
a: Receive Corpses, Renounce Religion


You were on level 2 of the Dungeon.
You worshipped Kikubaaqudgha.
Kikubaaqudgha was aware of your devotion.
You were not hungry.

You visited 1 branch of the dungeon, and saw 2 of its levels.

You collected 31 gold pieces.

Inventory:

Hand Weapons
 a - a +0 war axe (weapon)
Armour
 b - a +0 scale mail (worn)
 c - a +0 shield (worn)
Jewellery
 e - an uncursed ring of protection from fire {unknown}
Scrolls
 h - 2 scrolls of enchant weapon {unknown}
 i - a scroll of enchant armour {unknown}
 j - 2 scrolls of magic mapping {unknown}
 k - a scroll of identify {unknown}
 n - 2 scrolls of remove curse {unknown}
Potions
 d - a potion of might
 l - a potion of brilliance {unknown}
 m - a potion of haste {unknown}
Comestibles
 f - a ration
 g - a chunk of flesh


   Skills:
 - Level 3.6 Fighting
 + Level 5.1 Axes
 - Level 3.2 Armour
 - Level 3.2 Shields


You had 2 spell levels left.
You didn't know any spells.
Your spell library contained the following spells:

 Spells                   Type           Power        Failure   Level  Hunger
 Animate Skeleton         Necr           N/A          99%         1    ##.....
 Pain                     Necr           #...         99%         1    ##.....
 Sublimation of Blood     Necr           #.........   100%        2    ###....
 Vampiric Draining        Necr           #.........   100%        3    ####...


Dungeon Overview and Level Annotations

Branches:
Dungeon (2/15)

Altars:
Kikubaaqudgha


Message History

You see here a green potion.
A leopard gecko is nearby!
You miss the leopard gecko.
The leopard gecko bites you but does no damage.
You closely miss the leopard gecko. The leopard gecko barely misses you. x2
You hit the leopard gecko but do no damage.
The leopard gecko completely misses you.
You closely miss the leopard gecko. The leopard gecko bites you.
The leopard gecko barely misses you.
You slash the leopard gecko!
You kill the leopard gecko!
Kikubaaqudgha accepts your kill.
No target in view!
No target in view!
No target in view!
No target in view!
No target in view!
No target in view!
No target in view!
Are you sure you want to abandon this character and quit the game? (Confirm with "yes".)

#..#
....
#.##
.#
....
#.#
#.#
###.
#.#
#.. .
#.# ..
#.#
#.#
#.#
..#
#.##.#
#..@<#
#.!###
#..#
#..#
#$##
###


There were no monsters in sight!

Vanquished Creatures
  An adder (D:2)
  A dart slug (D:1)
  4 leopard geckos
  2 bats
  3 giant cockroaches
  A goblin (D:1)
  2 hobgoblins (D:1)
  4 kobolds
  A frilled lizard (D:1)
  7 rats
26 creatures vanquished.

Notes
Turn   | Place    | Note
-------+----------+-------------------------------------------
     0 | D:1      | Delamore the Hill Orc Fighter began the quest for the Orb.
     0 | D:1      | Reached XP level 1. HP: 19/19 MP: 1/1
    17 | D:1      | Reached skill level 3 in Axes
   137 | D:1      | Reached XP level 2. HP: 26/26 MP: 2/2
   206 | D:1      | Reached skill level 4 in Axes
   632 | D:2      | Found a faded altar of an unknown god.
   637 | D:2      | Reached XP level 3. HP: 30/31 MP: 3/3
   683 | D:2      | Reached skill level 5 in Axes
   704 | D:2      | Became a worshipper of Kikubaaqudgha
   704 | D:2      | Reached * piety under Kikubaaqudgha
   704 | D:2      | Identified Kikubaaqudgha's Guide on Dark Secrets
                  | (Kikubaaqudgha gifted it to you on level 2 of the Dungeon)
   704 | D:2      | Received a gift from Kikubaaqudgha
   735 | D:2      | Quit the game

Levels and vault maps discovered:
D:1:      mrwooster_arrival_arrow, layout_basic
D:2:      layout_rooms, chequers_ecumenical_altar_simple

Skill      XL: |  1  2  3 |
---------------+----------+-----
Axes           | 3 4 5 |  5.1
Fighting       | |  3.6
Armour         | |  3.2
Shields        | |  3.2

Action                   || total
-------------------------++-------
Melee: War axe           ||    54
Armor: Scale mail        ||    25
Dodge: Dodged            ||    16
Block: Shield            ||    29
